AoeStats
← 扫清六合 席卷八荒

Arabian Desert

510228878Analyzed
1v1 RM · 2d ago on Sep 30, 2026· 71m 13s· 2 players
Game mode
Random Map
Map size
Tiny (2 player)
Population
200
Speed
Normal
Resources
Standard
Victory
Conquest
Starting age
Dark Age
Ending age
Imperial Age
RankedLock teamsTeams togetherTeam positionsShared explorationLock speedFull tech treeHidden civsTurbo modeCheats
Victory
Defeat
🇨🇳 Magyars · China
1246
+17
1278
-17
扫清六合 席卷八荒
6:33 Loom
9:43 Feudal Age
10:17 Double-Bit Axe
14:54 Horse Collar
20:09 Castle Age
19:16 Fletching
19:51 Padded Archer Armor
21:33 Wheelbarrow
21:07 Squires
22:36 Bow Saw
22:28 Heavy Plow
22:23 Stone Mining
23:14 Elite Skirmisher
24:18 Bodkin Arrow
25:50 Leather Archer Armor
28:39 Szlachta Privileges
28:46 Bloodlines
28:56 Scale Barding Armor
29:03 Forging
30:00 Husbandry
30:31 Chain Barding Armor
36:17 Imperial Age
34:52 Iron Casting
38:06 Blast Furnace
36:36 Cavalier
38:52 Town Watch
46:51 Crop Rotation
47:41 Bracer
48:24 Hand Cart
50:25 Conscription
50:35 Thumb Ring
52:11 Chemistry
51:35 Ballistics
56:33 Light Cavalry
59:27 Winged Hussar
60:38 Lechitic Legacy
67:55 Gold Mining
loki
5:26 Loom
5:52 Loom
9:27 Feudal Age
10:01 Double-Bit Axe
10:19 Horse Collar
21:24 Castle Age
19:20 Gold Mining
20:10 Bloodlines
21:58 Fletching
22:47 Bow Saw
22:40 Bodkin Arrow
23:55 Ballistics
23:44 Heavy Plow
26:27 Thumb Ring
26:42 Padded Archer Armor
27:57 Wheelbarrow
28:17 Leather Archer Armor
28:42 Gold Shaft Mining
29:15 Husbandry
30:14 Wheelbarrow
31:47 Hand Cart
38:53 Imperial Age
37:17 Town Watch
38:57 Corvinian Army
39:15 Stone Mining
39:55 Recurve Bow
40:23 Parthian Tactics
40:00 Bracer
41:22 Heavy Cavalry Archer
43:46 Ring Archer Armor
44:18 Chemistry
43:22 Recurve Bow
44:01 Scale Barding Armor
45:59 Conscription
46:45 Elite Magyar Huszar
48:01 Hoardings
48:37 Chain Barding Armor
49:51 Two-Man Saw
50:18 Plate Barding Armor
53:15 Town Patrol
53:39 Murder Holes
53:54 Masonry
53:50 Siege Engineers
57:02 Elite Skirmisher
60:03 Treadmill Crane
69:29 Crop Rotation
Connection lost

Rejoining the realm…

Still unreachable

The connection could not be restored.

Session expired

The server has moved on; the page needs a fresh start.